 Dungeon Crawl Stone Soup version 0.17.1-3-g152610e (webtiles) character file.

149 dohliylev the Shield-Bearer (level 5, -8/49 HPs)
             Began as a Deep Dwarf Fighter on Mar 25, 2016.
             Mangled by an ogre
             ... wielding a cursed +0 giant club
              (21 damage)
             ... on level 3 of the Dungeon.
             The game lasted 00:15:02 (1969 turns).

dohliylev the Shield-Bearer (Deep Dwarf Fighter)    Turns: 1969, Time: 00:15:02

Health: -8/49      AC:  7    Str: 21    XL:     5   Next: 9%
Magic:  7/7        EV:  8    Int:  8    God:
Gold:   106        SH:  9    Dex: 12    Spells: 0 memorised, 4 levels left

rFire  . . .     SeeInvis +     u - +0 hand axe (freeze)
rCold  . . .     Clarity  .     b - +0 scale mail
rNeg   . . .     SustAt   .     c - +0 shield
rPois  .         Gourm    .     (no helmet)
rElec  .         Spirit   .     (no cloak)
rCorr  .         Warding  .     (no gloves)
rMut   .         Stasis   .     (no boots)
MR     .....                    (no amulet)
Stlth  +.........               l - ring of see invisible
                                o - ring of stealth

@: non-regenerating, drained, not resistant to hostile enchantments, very
unstealthy
A: damage resistance, recharge devices, sense surroundings 1, slow regeneration
3
a: Device Recharging


You were on level 3 of the Dungeon.
You were hungry.

You visited 1 branch of the dungeon, and saw 4 of its levels.

You collected 106 gold pieces.

Inventory:

Hand Weapons
 a - a +0 war axe
 u - a +0 hand axe of freezing (weapon)
Missiles
 v - 3 steel tomahawks (quivered)
Armour
 b - a +0 scale mail (worn)
 c - a +0 shield (worn)
Jewellery
 k - an uncursed amulet of guardian spirit
 l - a ring of see invisible (right hand)
 o - a ring of stealth (left hand)
Wands
 e - a wand of heal wounds (5)
 n - a wand of polymorph (14)
Scrolls
 h - a scroll of magic mapping {unknown}
 i - 2 scrolls of remove curse {unknown}
 j - a scroll of random uselessness {unknown}
 r - a scroll of identify {unknown}
Potions
 d - a potion of might
 g - a potion of resistance {unknown}
 m - a potion of lignification {unknown}
 p - a potion of invisibility {unknown}
Books
 w - a book of Alchemy

   Spells                             Type                      Level
   a - Sublimation of Blood           Necromancy                   2
   b - Ignite Poison                  Fire/Transmutation/Poison    3
   c - Alistair's Intoxication        Transmutation/Poison         4
   d - Condensation Shield            Ice                          4
   e - Petrify                        Transmutation/Earth          4
   f - Irradiate                      Conjuration/Transmutation    5
Comestibles
 f - a bread ration
 q - a slice of pizza
 s - 3 beef jerkies
 t - 4 chunks of flesh


   Skills:
 + Level 3.1(2.8) Fighting
 + Level 2.7(2.5) Axes
 + Level 4.0(3.8) Armour
 + Level 2.0(1.8) Dodging
 + Level 4.1(3.8) Shields
 * Level 2.7(2.5) Evocations


You had 4 spell levels left.
You didn't know any spells.

Dungeon Overview and Level Annotations

Branches:
Dungeon (4/15)
 Temple: D:4-7

Altars:

Annotations:
D:4 Endymion's ghost, amateur DEWz


Innate Abilities, Weirdness & Mutations

You are resistant to damage.
You can recharge devices by infusing magical energy.
You passively map a small area around you.
You do not regenerate naturally.


Message History

A rat comes into view.
There is a stone staircase leading down here.
You hit the ogre. You freeze the ogre.
The ogre is moderately wounded.
The ogre hits you but does no damage.
You hit the ogre. You freeze the ogre.
The ogre is heavily wounded.
The ogre closely misses you.
You hit the ogre. You freeze the ogre.
The ogre is heavily wounded.
You hit the rat. You freeze the rat.
You kill the rat!
The ogre barely misses you.
You hit the ogre. You freeze the ogre.
The ogre is almost dead.
The ogre hits you but does no damage.
You hit the ogre. You freeze the ogre.
The ogre is almost dead.
The ogre hits you with a giant club!!
You die...

#.. * #.#
## *
#.#,.., * *
##.# .# *
,* * ,
#.....# . ,
*#..#..#..#
,
,#.........
#O@.......
,
###.######
,,, ... *
.#.# *
,.#.# ,
.#,# * ## *
* *


You could see an ogre.

Vanquished Creatures
  A scorpion (D:4)
  An orc wizard (D:4)
  4 adders
  An ooze (D:1)
  A worm (D:2)
  3 orcs (D:4)
  4 bats (D:1)
  A giant cockroach (D:2)
  7 hobgoblins
  3 kobolds
  4 giant newts (D:1)
  5 goblins
  7 rats
42 creatures vanquished.

Notes
Turn   | Place    | Note
--------------------------------------------------------------
     0 | D:1      | dohliylev the Deep Dwarf Fighter began the quest for the Orb.
     0 | D:1      | Reached XP level 1. HP: 20/20 MP: 1/1
   189 | D:1      | Reached skill level 1 in Evocations
   401 | D:1      | Reached XP level 2. HP: 25/27 MP: 2/2
  1293 | D:2      | Reached XP level 3. HP: 22/33 MP: 0/4
  1399 | D:2      | Reached skill level 1 in Dodging
  1780 | D:2      | You fall through a shaft for 2 floors!
  1819 | D:4      | Noticed a scorpion
  1827 | D:4      | Killed a scorpion
  1827 | D:4      | Reached XP level 4. HP: 27/42 MP: 5/5
  1909 | D:4      | Reached skill level 4 in Armour
  1909 | D:4      | Reached XP level 5. HP: 31/49 MP: 5/7
  1947 | D:4      | Noticed Endymion's ghost (amateur DEWz)
  1950 | D:4      | Noticed an ogre
  1969 | D:3      | Mangled by an ogre

Action                   |  1- 3 |  4- 6 || total
-------------------------+-------+-------++-------
Melee: War axe           |   110 |    18 ||   128
       Hand axe          |       |     7 ||     7
  Eat: Chunk             |     3 |       ||     3
